 Dungeon Crawl Stone Soup version 0.29.0-7-g18a832c13a (webtiles) character file.

Game seed: 16886925814489355842

3395 sanka the Grappler (level 9, -3/84 HPs)
             Began as a Troll Cinder Acolyte on Aug 30, 2022.
             Was an Initiate of Okawaru.
             Slain by a fire elemental (7 damage)
             ... created by the fiery vengeance of Ignis
             ... on level 9 of the Dungeon.
             The game lasted 00:13:29 (8751 turns).

sanka the Grappler (Troll Cinder Acolyte)           Turns: 8751, Time: 00:13:30

Health: -3/84      AC:  7    Str: 24    XL:     9   Next: 75%
Magic:  0/19       EV: 11    Int:  6    God:    Okawaru [......]
Gold:   245        SH:  0    Dex: 19    Spells: 10/10 levels left

rFire   . . .      SeeInvis .     - Unarmed
rCold   . . .      Faith    .   (no shield)
rNeg    . . .      Spirit   +   C - +0 steam dragon scales
rPois   .          Reflect  .   (helmet restricted)
rElec   .          Harm     .   (no cloak)
rCorr   +          Rampage  .   (gloves unavailable)
Will    +....                   (boots unavailable)
Stlth   +.........              w - amulet of guardian spirit
HPRegen 1.04/turn               p - ring of Cheibriados, Hugging {rCorr MP+9 Int-4 Dex+10 Stlth-}
MPRegen 0.16/turn               m - ring of willpower

@: about to teleport, fire susceptible
A: large, unfitting armour, claws 3, regeneration 1, shaggy fur 1, tough skin 1
a: Renounce Religion


You were on level 9 of the Dungeon.
You worshipped Okawaru.
Okawaru was noncommittal.
You visited 2 branches of the dungeon, and saw 10 of its levels.
You also visited: Ossuary.

You collected 440 gold pieces.
You spent 195 gold pieces at shops.


Innate Abilities, Weirdness & Mutations

You are too large for most types of armour.
You have claws for hands.
Your natural rate of healing is unusually fast.
You are covered in fur. (AC +1)
You have tough skin. (AC +1)


   Skills:
 + Level 3.9 Fighting
 + Level 2.7 Dodging
 + Level 12.7 Unarmed Combat
 - Level 1.0 Spellcasting
 - Level 2.1 Fire Magic
 + Level 3.0 Invocations


You had 10 spell levels left.
You didn't know any spells.
Your spell library contained the following spells:

 Spells                   Type           Power      Damage    Failure   Level
 Scorch                   Fire           4%         2d5       28%         2
 Apportation              Tloc           0%         N/A       41%         1
 Blink                    Tloc           0%         N/A       56%         2
 Ensorcelled Hibernation  Hex/Ice        0%         N/A       56%         2
 Dazzling Flash           Conj/Hex       0%         N/A       80%         3
 Gell's Gravitas          Tloc           0%         N/A       80%         3
 Spider Form              Tmut/Pois      0%         N/A       80%         3
 Teleport Other           Tloc           0%         N/A       80%         3
 Anguish                  Hex/Necr       0%         N/A       99%         4
 Iskenderun's Mystic Bla  Conj/Tloc      0%         2d3       99%         4
 Alistair's Intoxication  Tmut/Pois      0%         N/A       100%        5
 Manifold Assault         Tloc           0%         N/A       100%        5
 Dispersal                Tloc           0%         N/A       100%        6
 Starburst                Conj/Fire      0%         6d3       100%        6
 Storm Form               Tmut/Air       0%         N/A       100%        7

Inventory:

Missiles
 f - 4 curare-tipped darts {=f}
 v - a throwing net {=f}
 F - 4 javelins
Armour
 a - a +0 robe
 C - +0 steam dragon scales (worn)
Jewellery
 g - a ring of wizardry
 m - a ring of willpower (right claw)
 o - a ring of wizardry
 p - the ring of Cheibriados, Hugging (left claw) {rCorr MP+9 Int-4 Dex+10 Stlth-}

   [ring of magical power]

   Int:       It affects your intelligence (-4).
   Dex:       It affects your dexterity (+10).
   MP:        It affects your magic capacity (+9).
   rCorr:     It protects you from acid and corrosion.
   Stlth:     It makes you less stealthy.
 u - an amulet of the acrobat
 w - an amulet of guardian spirit (around neck)
 E - a ring of ice
Wands
 I - a wand of polymorph (11)
Scrolls
 c - 4 scrolls of immolation {!r}
 i - 4 scrolls of blinking
 l - a scroll of enchant weapon
 q - 3 scrolls of enchant armour
 s - a scroll of teleportation {@r4}
 t - a scroll of vulnerability {!r}
 y - a scroll of magic mapping
 z - a scroll of silence {!r}
 D - a scroll of poison {!r}
Potions
 b - 4 potions of curing {@q1}
 e - a potion of degeneration {unknown}
 h - 3 potions of ambrosia {unknown}
 j - 4 potions of lignification {!q}
 k - 3 potions of haste {@q3}
 n - 2 potions of might {unknown}
 r - a potion of magic {unknown}
 A - 3 potions of brilliance
 B - a potion of attraction {unknown}
 G - a potion of resistance {unknown}
 H - 2 potions of heal wounds {unknown}

Dungeon Overview and Level Annotations

Branches:
Dungeon (9/15)             Temple (1/1) D:6         Ossuary (visited)
   Lair: D:8-11         Orc: D:9-12

Altars:
Cheibriados
Dithmenos
Elyvilon
Fedhas
Gozag
Hepliaklqana
Kikubaaqudgha
Makhleb
Okawaru
Qazlal
Ru
Sif Muna
Uskayaw
Vehumet
Wu Jian
Xom
Yredelemnul
Zin
The Shining One

Shops:
D:5 (   D:6 [

Annotations:
D:3 3 runed translucent doors, arrururu's ghost, amateur HOFi

.........☼...▒▒▒
...............▒▒▒
.................▒▒▒
.........=.........▒
..................▒▒
▒▒............§.▒.▒
▒▒............☼..▒▒
▒▒...........EEc.▒
▒....▒▒......T..▒
.... ▒.........▒ ..
...........▒
............▒
▒.........).▒
▒▒.........▒
▒▒........▒
▒▒▒......▒


You could see 2 fire elementals and a centaur.


Message History

The arrow barely misses you.
Unknown command.
The centaur shoots an arrow.
The arrow hits you!
* * * LOW HITPOINT WARNING * * *
Found a runed pearl ring.
The centaur shoots an arrow.
The arrow hits you!
* * * LOW HITPOINT WARNING * * *
Found a hand axe.
The fire elemental hits you.
* * * LOW HITPOINT WARNING * * *
The fire elemental burns you!
* * * LOW HITPOINT WARNING * * *
The centaur unwields a +0 shortbow.
The centaur barely misses you. The centaur kicks you.
* * * LOW HITPOINT WARNING * * *
The fire elemental closely misses you.
Unknown command.
As you read the scroll of teleportation {@r4}, it crumbles to dust.
You feel strangely unstable. The centaur misses you.
The centaur kicks you but does no damage.
The fire elemental hits you. The fire elemental burns you!
* * * LOW HITPOINT WARNING * * *
The fire elemental hits you. The fire elemental burns you!
You die...

Action                   |  1- 3 |  4- 6 |  7- 9 || total
-------------------------+-------+-------+-------++-------
Melee: Unarmed           |    83 |    98 |   331 ||   512
       Punch             |     2 |     2 |    18 ||    22
  Use: Scroll            |       |       |    18 ||    18
       Potion            |       |       |     3 ||     3
Armor: Robe              |    43 |    16 |    40 ||    99
       Steam dragon scal |       |       |    71 ||    71
Dodge: Dodged            |    47 |    40 |   192 ||   279

Levels and vault maps discovered:
D:1:      amcnicky_arrival_single_pillar, layout_loops_ring
D:2:      layout_basic, ebering_ecumenical_altar_abandoned, basic_altar,
          uniq_jessica
D:3:      layout_loops_ring, gammafunk_ghost_necromancy
D:4:      layout_basic
D:5:      layout_gridville, serial_shops, nicolae_take_the_stairs,
          hangedman_abyss_or_decor_stagger
D:6:      layout_gridville, minmay_temple_entry_tees, serial_shops,
          nicolae_shop_hallway_plus, uniq_grinder
D:7:      layout_layer_cave
D:8:      layout_layer_cave, elyvilon_altar_5, enter_ossuary_4
D:9:      layout_layer_cave, cheibriados_altar_1
Temple:   sentei_temple_godly_chess

Notes
Turn   | Place    | Note
-------+----------+-------------------------------------------
     0 | D:1      | sanka the Troll Cinder Acolyte began the quest for the Orb.
     0 | D:1      | Reached XP level 1. HP: 22/22 MP: 1/1
   228 | D:1      | Reached XP level 2. HP: 29/29 MP: 2/2
   321 | D:1      | Reached skill level 4 in Unarmed Combat
   689 | D:2      | Reached XP level 3. HP: 36/36 MP: 3/3
   732 | D:2      | Found a faded altar of an unknown god.
   865 | D:2      | Noticed Jessica
   867 | D:2      | Killed Jessica
   891 | D:2      | Found a glowing golden altar of the Shining One.
   989 | D:2      | Reached XP level 4. HP: 44/44 MP: 4/4
  1059 | D:2      | Reached skill level 5 in Unarmed Combat
  1417 | D:3      | Found a runed translucent gate.
  1434 | D:3      | Found a runed translucent gate.
  1435 | D:3      | Found a runed translucent gate.
  1437 | D:3      | Noticed arrururu's ghost (amateur HOFi)
  1594 | D:3      | Reached XP level 5. HP: 43/50 MP: 5/5
  1885 | D:3      | Reached skill level 6 in Unarmed Combat
  1973 | D:4      | Identified the ring of Cheibriados, Hugging {rCorr MP+9
                  | Int-4 Dex+10 Stlth-}
  2364 | D:4      | Reached XP level 6. HP: 46/59 MP: 6/6
  2425 | D:4      | Reached skill level 7 in Unarmed Combat
  2541 | D:5      | Entered Level 5 of the Dungeon
  2688 | D:5      | Reached skill level 8 in Unarmed Combat
  2738 | D:5      | Reached XP level 7. HP: 65/66 MP: 7/7
  2779 | D:5      | Found Qyacomi's Antique Weapon Boutique.
  3403 | D:5      | Reached skill level 9 in Unarmed Combat
  3444 | D:6      | Found Bovuwkil's Antique Armour Shop.
  3477 | D:6      | Found a staircase to the Ecumenical Temple.
  3521 | Temple   | Entered the Ecumenical Temple
  3542 | D:6      | Noticed Grinder
  3549 | D:6      | Paralysed by Grinder for 2 turns
  3559 | D:6      | Killed Grinder
  3560 | D:6      | Reached skill level 10 in Unarmed Combat
  3560 | D:6      | Reached XP level 8. HP: 69/74 MP: 8/8
  3744 | D:6      | Reached skill level 11 in Unarmed Combat
  4147 | D:5      | Bought a brightly glowing war axe for 195 gold pieces
  4147 | D:5      | Identified the +6 war axe of Fixtafas {freeze, Fly rPois
                  | Str-4 Dex+5} (You bought it in a shop on level 5 of the
                  | Dungeon)
  4388 | D:7      | Reached skill level 12 in Unarmed Combat
  4413 | D:7      | Reached XP level 9. HP: 73/80 MP: 9/9
  4496 | D:7      | Identified +0 steam dragon scales
  4780 | D:7      | Reached skill level 1 in Dodging
  4780 | D:7      | Reached skill level 1 in Invocations
  5576 | D:8      | Reached skill level 3 in Fighting
  5695 | D:8      | Reached skill level 2 in Invocations
  5768 | D:8      | Found a white marble altar of Elyvilon.
  5835 | D:8      | Found a sand-covered staircase.
  5850 | Ossuary  | Entered an ossuary
  5871 | Ossuary  | Reached skill level 2 in Dodging
  7176 | Temple   | Fell from the grace of Ignis
  7176 | Temple   | Became a worshipper of Warmaster Okawaru
  7315 | D:8      | HP: 2/84 [fire elemental[the fiery vengeance of Ignis] (8)]
  7615 | D:8      | Found a white marble altar of Elyvilon.
  8618 | D:8      | Reached skill level 3 in Invocations
  8707 | D:9      | Found a snail-covered altar of Cheibriados.
  8737 | D:9      | HP: 6/84 [centaur/arrow (10)]
  8751 | D:9      | HP: 4/84 [fire elemental[the fiery vengeance of Ignis] (9)]
  8751 | D:9      | Slain by a fire elemental

Vanquished Creatures
  Grinder (D:6)
  A shadow (D:6)
  A vampire (D:8)
  4 fire elementals
  3 steam dragons
  A sky beast (D:7)
  An orc warrior (D:6)
  2 black bears
  3 ice beasts
  An ogre (D:5)
  2 centaurs
  3 phantoms
  2 kobold brigands
  A gnoll sergeant (D:8)
  2 scorpions
  5 killer bees
  A howler monkey (D:6)
  2 jellies
  2 hounds
  4 orc priests
  Jessica (D:2)
  2 iguanas
  9 orc wizards
  A mummy (Ossuary)
  11 gnolls
  4 adders
  A white imp (D:8)
  An ufetubus (D:5)
  A worm (D:3)
  A dart slug (D:3)
  20 orcs
  2 spectral bats (Ossuary)
  4 ball pythons
  7 bats
  5 endoplasms
  A giant cockroach (D:3)
  12 gnoll zombies (Ossuary)
  2 hobgoblins
  4 quokkas
  3 bat simulacra (Ossuary)
  9 frilled lizards
  7 goblins
  2 goblin simulacra (Ossuary)
  8 goblin zombies
  4 hobgoblin zombies (Ossuary)
  16 kobolds
  4 kobold simulacra (Ossuary)
  4 kobold zombies (Ossuary)
  3 orc zombies (Ossuary)
  6 rats
  A rat zombie (D:8)
  2 spectral goblins (Ossuary)
  2 spectral kobolds (Ossuary)
  4 spectral rats (Ossuary)
206 creatures vanquished.
